 Dungeon Crawl Stone Soup version 0.18-a0-1792-g362e38b (webtiles) character file.

118382 uhoh the Brawler (level 16, -10/103 HPs)
             Began as a Gargoyle Monk on Apr 22, 2016.
             Was the Champion of the Shining One.
             Killed from afar by a thorn hunter (34 damage)
             ... with a volley of thorns
             ... on level 3 of the Swamp.
             The game lasted 00:54:00 (26309 turns).

uhoh the Brawler (Gargoyle Monk)                   Turns: 26309, Time: 00:54:01

Health: -10/103    AC: 34    Str: 21    XL:     16   Next: 76%
Magic:  24/24      EV: 15    Int: 10    God:    the Shining One [******]
Gold:   2061       SH:  0    Dex: 14    Spells: 1 memorised, 13 levels left

rFire  + . .     SeeInvis .       - Unarmed
rCold  + . .     Gourm    .     R - +2 scale mail {rF+}
rNeg   + + +     Faith    .     (no shield)
rPois  ∞         Spirit   .     B - +2 helmet
rElec  +         Dismiss  .     T - +0 cloak (curse)
rCorr  .         Reflect  .     x - +2 pair of gloves
SustAt .         Harm     .     Z - +1 pair of boots
MR     +....                    J - amulet of regeneration
Stlth  +.........               Q - ring of stealth
                                U - ring of protection from cold

@: flying, glowing, somewhat resistant to hostile enchantments, very unstealthy
A: big wings, negative energy resistance 1, electricity resistance, unbreathing,
petrification resistance, rot immunity, AC +11
a: Stop Flying, Divine Shield, Cleansing Flame, Summon Divine Warrior, Brand
Weapon With Holy Wrath, Renounce Religion


You were on level 3 of the Swamp.
You worshipped the Shining One.
The Shining One was exalted by your worship.
You were not hungry.

You visited 4 branches of the dungeon, and saw 27 of its levels.
You visited the Abyss 1 time.
You also visited: Sewer and Bailey.

You collected 2061 gold pieces.

Inventory:

Missiles
 N - 22 tomahawks of returning (quivered)
Armour
 x - a +2 pair of gloves (worn)
 B - a +2 helmet (worn)
 R - a +2 scale mail of fire resistance (worn)
 T - a cursed +0 cloak (worn)
 Z - a +1 pair of boots (worn)
Magical Staves
 O - an uncursed staff of energy
Jewellery
 J - an amulet of regeneration (around neck)
 Q - a ring of stealth (right hand)
 U - a ring of protection from cold (left hand)
Wands
 a - a wand of disintegration (24/24)
 g - a wand of iceblast (5/15)
 w - a wand of paralysis (10/24)
 H - a wand of lightning (3/15)
 X - a wand of lightning (8/15)
Scrolls
 d - 9 scrolls of teleportation
 e - 15 scrolls of remove curse
 j - 3 scrolls of fear
 l - 9 scrolls of identify
 n - a scroll of brand weapon
 r - 4 scrolls of fog
 y - a scroll of blinking
 A - 6 scrolls of enchant weapon
 F - 4 scrolls of enchant armour
 M - a scroll of recharging
 P - 2 scrolls of amnesia
 S - 4 scrolls of magic mapping
 V - a scroll of holy word {unknown}
Potions
 c - 6 potions of flight
 f - 11 potions of curing
 k - a potion of haste
 s - 4 potions of agility
 v - 2 potions of berserk rage
 C - a potion of ambrosia
 D - 2 potions of resistance
 E - a potion of magic
 G - a potion of brilliance
 K - 2 potions of might
 Y - 2 potions of cancellation
Books
 t - a Grand Grimoire

   Spells                             Type                      Level
   a - Monstrous Menagerie            Summoning                    7
   b - Summon Greater Demon           Summoning                    7
   c - Malign Gateway                 Summoning/Translocation      7
   d - Summon Horrible Things         Summoning                    8
 z - a book of Battle

   Spells                             Type                      Level
   a - Infusion                       Charms                       1
   b - Shroud of Golubria             Charms/Translocation         2
   c - Song of Slaying                Charms                       2
   d - Spectral Weapon                Hexes/Charms                 3
   e - Regeneration                   Charms/Necromancy            3
 I - a Fen Folio

   Spells                             Type                      Level
   a - Corpse Rot                     Necromancy                   2
   b - Stone Arrow                    Conjuration/Earth            3
   c - Leda's Liquefaction            Hexes/Earth                  4
   d - Summon Forest                  Summoning/Translocation      5
   e - Hydra Form                     Transmutation                6
   f - Summon Hydra                   Summoning                    7
 W - a book of the Sky

   Spells                             Type                      Level
   a - Summon Lightning Spire         Summoning/Air                4
   b - Airstrike                      Air                          4
   c - Silence                        Hexes/Air                    5
   d - Deflect Missiles               Charms/Air                   6
   e - Conjure Ball Lightning         Conjuration/Air              6
   f - Tornado                        Air                          9
Miscellaneous
 i - a disc of storms
 o - a sack of spiders
 u - a stone of tremors
Comestibles
 b - 16 bread rations
 h - 26 fruits
 m - 8 beef jerkies
 p - 6 slices of pizza
 q - 9 meat rations


   Skills:
 + Level 12.5 Fighting
 + Level 12.6 Armour
 + Level 10.1 Dodging
 - Level 2.1 Stealth
 * Level 17.3 Unarmed Combat
 + Level 11.4 Invocations
 * Level 8.3 Evocations


You had 13 spell levels left.
You knew the following spells:

 Your Spells              Type           Power        Failure   Level  Hunger
a - Blink                 Tloc           N/A          94%         2    ###....


Dungeon Overview and Level Annotations

Branches:
Dungeon (15/15)            Temple (1/1) D:5            Lair (8/8) D:8
  Swamp (3/4) Lair:6        Snake (0/4) Lair:3        Slime (0/6) Lair:7
    Orc (0/2) D:12         Vaults (0/5) D:13         Depths (0/5) D:15

Altars:
Ashenzari
Cheibriados
Dithmenos
Elyvilon
Fedhas
Gozag
Kikubaaqudgha
Makhleb
Nemelex Xobeh
Okawaru
Pakellas
Qazlal
Ru
Sif Muna
Trog
Vehumet
Xom
Yredelemnul
Zin
The Shining One

Shops:
D:5 (   D:6 (   D:15 =

Portals:
Trove: D:10 (give +3 storm dragon armour)

Annotations:
D:14 exclusion: Roxanne, Roxanne


Innate Abilities, Weirdness & Mutations

You are resistant to torment.
Your stone body is resilient (AC +11).
You are immune to poison.
Your large and strong wings let you fly indefinitely.
You resist negative energy.
You are resistant to electric shocks.
You can survive without breathing.
You are immune to petrification.
You are immune to rotting.


Message History

The thorn hunter is almost destroyed.
The thorn hunter misses you. The thorn hunter barely misses you.
You hit the thorn hunter but do no damage.
The thorn hunter is almost destroyed.
The thorn hunter fires a volley of thorns at you.
The volley of thorns hits you!
* * * LOW HITPOINT WARNING * * *
Unknown command.
You completely miss the thorn hunter.
The thorn hunter is almost destroyed.
The thorn hunter hits you!
* * * LOW HITPOINT WARNING * * *
The thorn hunter completely misses you.
You hit the thorn hunter.
You punch the thorn hunter, but do no damage.
The thorn hunter is almost destroyed.
The briar patch crumbles away.
The thorn hunter fires a volley of thorns at you.
The volley of thorns hits you!
You die...

♣♣ ♣♣.§
♣...♣♣♣
♣...♣.♣♣
♣.....♣
♣...f♣♣ ≈≈≈♣
♣..≈@.♣
♣≈≈.≈♣♣♣≈P..♣♣
≈.....♣.≈...≈♣
♣....≈♣♣.≈≈.≈♣
♣.≈..≈.≈§..≈♣♣
♣..≈≈..≈≈..♣
♣....PPPPP♣♣


♣≈.PPPPPP♣♣ . ♣......≈.≈♣♣ You could see a thorn hunter.

Vanquished Creatures
  A bone dragon (Abyss:3)
  2 tentacled starspawn (Abyss:3)
  A thorn hunter (Swamp:2)
  Aizul (Swamp:2)
  Louise (Swamp:2)
  The ghost of heiberg the Peltast, a journeyman MiFi of the Shining One (Lair:5)
  The ghost of Phlounder the Transmogrifier, a journeyman DrTm of Cheibriados (Lair:3)
  4 vault guards (D:13)
  The ghost of mg7810 the Nimble, a journeyman DrCj of Vehumet (Bailey)
  A great orb of eyes (D:15)
  2 centaur warriors
  12 hydras
  5 ghost crabs
  A catoblepas (D:13)
  4 alligators
  4 death yaks
  A thrashing horror (Abyss:3)
  2 large abominations (Abyss:3)
  4 skeletal warriors
  A swamp dragon (Swamp:3)
  A shadow wraith (Abyss:3)
  2 hill giants
  2 shambling mangroves
  A spriggan druid (Swamp:2)
  3 unseen horrors
  5 orc knights
  A harpy (shapeshifter) (D:13)
  A deep elf mage (D:14)
  A hornet (Swamp:2)
  3 griffons
  A sixfirhy (Abyss:3)
  5 cyclopes
  An oklob plant (Lair:1)
  A worldbinder (Abyss:3)
  2 centaur zombies
  7 elephants
  3 manticores
  Maurice (D:7)
  A guardian serpent (D:11)
  15 black mambas
  2 gargoyles
  16 spiny frogs
  A torpor snail (Lair:8)
  A centaur skeleton (D:12)
  6 komodo dragons
  A guardian mummy (D:10)
  An efreet (D:14)
  7 polar bears
  5 giant leeches
  5 trolls
  4 bog bodies
  2 boulder beetles
  18 blink frogs
  5 slime creatures
  Grinder (D:6)
  A flying skull (Abyss:3)
  3 vampires
  6 starcursed masses (Abyss:3)
  5 redbacks
  22 spriggans
  2 shadows
  A tarantella (shapeshifter) (D:14)
  A redback (shapeshifter) (D:14)
  4 wyverns
  3 wraiths
  40 yaks
  Grum (D:8)
  3 basilisks
  3 hungry ghosts
  9 hippogriffs
  A steam dragon (Lair:7)
  A chaos spawn (Abyss:3)
  15 vampire mosquitoes
  19 swamp worms
  Menkaure (D:4)
  6 insubstantial wisps (Swamp:1)
  A warg (shapeshifter) (D:15)
  3 wargs (D:7)
  16 water moccasins
  12 porcupines
  3 swamp drakes
  Purgy (Sewer)
  4 ice beasts
  3 sky beasts
  6 black bears
  12 orc warriors
  18 wasps
  A necrophage (D:5)
  12 ogres
  13 centaurs
  3 eyes of draining
  A phantom (D:6)
  20 crocodiles
  33 wolves
  Blork the orc (D:4)
  5 big kobolds
  17 giant frogs
  A gnoll sergeant (D:10)
  A water moccasin zombie (D:11)
  2 scorpions
  14 killer bees
  A water moccasin skeleton (D:9)
  7 wights
  5 howler monkeys
  An electric eel (Lair:6)
  5 crimson imps
  5 small abominations (Abyss:3)
  7 hounds
  3 quasits
  A giant frog skeleton (D:12)
  A gnoll shaman (D:7)
  12 orc priests
  5 jellies
  Ijyb (D:2)
  Terence (D:2)
  12 iguanas
  15 orc wizards
  11 worker ants
  26 sheep
  2 hound skeletons
  A howler monkey zombie (D:10)
  A worker ant zombie (D:7)
  20 gnolls
  21 river rats
  22 adders
  7 shadow imps
  An adder zombie (D:9)
  4 oozes
  2 adder skeletons
  2 worms
  A dart slug (D:2)
  9 giant geckos
  67 orcs
  4 giant cockroaches
  10 goblins
  9 hobgoblins
  7 jackals
  7 quokkas
  4 ball pythons
  4 bats
  A giant cockroach zombie (D:6)
  A giant gecko zombie (D:5)
  10 giant newts
  A jackal skeleton (D:8)
  43 kobolds
  8 rats
  3 briar patches
  5 starspawn tentacles (Abyss:3)
928 creatures vanquished.

Vanquished Creatures (others)
  2 hydras (Swamp:3)
  A hornet (Swamp:3)
  A komodo dragon (Lair:7)
  2 insubstantial wisps (Swamp:1)
  A crocodile (Lair:7)
  2 fulminant prisms (Bailey)
  19 fungi
  4 plants
  6 starspawn tentacles (Abyss:3)
  291 starspawn tentacle segments (Abyss:3)
329 creatures vanquished.

Grand Total: 1257 creatures vanquished

Notes
Turn   | Place    | Note
--------------------------------------------------------------
     0 | D:1      | uhoh the Gargoyle Monk began the quest for the Orb.
     0 | D:1      | Reached XP level 1. HP: 14/14 MP: 1/1
   218 | D:1      | Reached XP level 2. HP: 19/19 MP: 2/2
   981 | D:2      | Reached XP level 3. HP: 16/23 MP: 3/3
   998 | D:2      | Reached skill level 5 in Unarmed Combat
  1122 | D:2      | Found an oddly glowing altar of Pakellas.
  1203 | D:2      | Reached XP level 4. HP: 28/28 MP: 4/4
  1269 | D:2      | Noticed Ijyb
  1277 | D:2      | Killed Ijyb
  1334 | D:2      | Noticed Terence
  1355 | D:2      | Killed Terence
  1355 | D:2      | Reached skill level 6 in Unarmed Combat
  1355 | D:2      | Reached XP level 5. HP: 29/32 MP: 5/5
  2164 | D:4      | Noticed Blork the orc
  2186 | D:4      | Killed Blork the orc
  2186 | D:4      | Reached skill level 7 in Unarmed Combat
  2186 | D:4      | Reached XP level 6. HP: 20/37 MP: 6/6
  2300 | D:4      | Found a glowing drain.
  2304 | Sewer    | Entered a sewer
  2354 | Sewer    | Noticed Purgy
  2373 | Sewer    | Killed Purgy
  2373 | Sewer    | Reached skill level 8 in Unarmed Combat
  2373 | Sewer    | Reached XP level 7. HP: 29/41 MP: 7/7
  2718 | D:4      | Noticed Menkaure
  2724 | D:4      | Reached skill level 1 in Armour
  2730 | D:4      | Killed Menkaure
  3361 | D:5      | Entered Level 5 of the Dungeon
  3491 | D:5      | Reached XP level 8. HP: 15/48 MP: 8/8
  3736 | D:5      | Reached skill level 9 in Unarmed Combat
  3853 | D:5      | Found a staircase to the Ecumenical Temple.
  3898 | Temple   | Entered the Ecumenical Temple
  4081 | Temple   | Became a worshipper of the Shining One
  4081 | Temple   | Reached * piety under the Shining One
  4081 | Temple   | Reached ** piety under the Shining One
  4250 | D:5      | Noticed an unseen horror
  4257 | D:5      | Killed an unseen horror
  4257 | D:5      | Reached skill level 5 in Fighting
  4406 | D:5      | Found Daetih's Weapon Shoppe.
  4416 | D:5      | Reached XP level 9. HP: 54/54 MP: 9/9
  4768 | D:6      | Reached skill level 10 in Unarmed Combat
  5068 | D:6      | Found Faphiaqo's Weapon Shop.
  5194 | D:6      | Noticed Grinder
  5199 | D:6      | Paralysed by Grinder for 3 turns
  5210 | D:6      | Killed Grinder
  5410 | D:6      | Reached skill level 1 in Invocations
  5564 | D:7      | Reached skill level 5 in Armour
  5810 | D:7      | Reached skill level 11 in Unarmed Combat
  5814 | D:7      | Reached *** piety under the Shining One
  5830 | D:7      | Reached XP level 10. HP: 45/60 MP: 11/11
  6120 | D:7      | Found a sparkling altar of Nemelex Xobeh.
  6256 | D:7      | Reached skill level 5 in Dodging
  6681 | D:8      | Learned a level 2 spell: Blink
  6826 | D:8      | Noticed Maurice
  6860 | D:7      | Killed Maurice
  6974 | D:8      | Noticed Grum
  6997 | D:8      | Killed Grum
  7182 | D:8      | Found a staircase to the Lair.
  7382 | D:8      | Found a stormy altar of Qazlal.
  7384 | D:8      | Found a burning altar of Makhleb.
  7386 | D:8      | Found a shattered altar of Ashenzari.
  7387 | D:8      | Found a bloodstained altar of Trog.
  7390 | D:8      | Found a white marble altar of Elyvilon.
  7391 | D:8      | Found a basalt altar of Yredelemnul.
  7665 | D:9      | Reached skill level 12 in Unarmed Combat
  7915 | D:9      | Reached **** piety under the Shining One
  7915 | D:9      | Reached XP level 11. HP: 67/67 MP: 14/14
  8257 | D:9      | Reached skill level 5 in Invocations
  8378 | D:9      | Found an ancient bone altar of Kikubaaqudgha.
  8379 | D:9      | Found a sacrificial altar of Ru.
  8382 | D:9      | Found a shimmering altar of Xom.
  8417 | D:9      | You fall through a shaft!
  8417 | D:10     | Entered Level 10 of the Dungeon
  8417 | D:10     | Found an iron altar of Okawaru.
  8627 | D:9      | Found a deep blue altar of Sif Muna.
  8933 | D:10     | Paralysed by a crimson imp for 3 turns
  9003 | D:10     | Found a portal to a secret trove of treasure.
  9218 | D:11     | Noticed a cyclops
  9409 | D:11     | Found a white marble altar of Elyvilon.
  9584 | D:11     | Found a flagged portal.
  9590 | D:11     | Reached ***** piety under the Shining One
  9593 | Bailey   | Entered a bailey
  9599 | Bailey   | Noticed an orc knight
  9614 | Bailey   | Noticed an orc knight
  9620 | Bailey   | Noticed an orc knight
  9620 | Bailey   | Noticed an orc knight
  9645 | Bailey   | Killed an orc knight
  9681 | Bailey   | Noticed mg7810's ghost (journeyman DrCj)
  9802 | Bailey   | Killed an orc knight
  9823 | Bailey   | Killed an orc knight
  9823 | Bailey   | Reached skill level 13 in Unarmed Combat
  9864 | Bailey   | Killed mg7810's ghost
  9869 | Bailey   | Gained mutation: You have a pair of small antennae on your head. [potion of mutation]
  9869 | Bailey   | Gained mutation: You are covered in fur (AC +1). [potion of mutation]
  9879 | Bailey   | Killed an orc knight
  9879 | Bailey   | Reached XP level 12. HP: 10/75 MP: 8/16
 10376 | Bailey   | Got a steaming robe
 10393 | Bailey   | Identified the +2 robe of Ryublac {Int+3} (You found it in a bailey)
 10456 | D:11     | Gained mutation: You passively map a small area around you. [potion of beneficial mutation]
 10574 | D:11     | The Shining One protects you from harm!
 11129 | D:12     | Found a staircase to the Orcish Mines.
 11805 | D:13     | Noticed a catoblepas
 11828 | D:13     | Killed a catoblepas
 11914 | D:13     | Found a stormy altar of Qazlal.
 12217 | D:13     | Reached skill level 14 in Unarmed Combat
 12257 | D:13     | Noticed a centaur warrior
 12271 | D:13     | Killed a centaur warrior
 12443 | D:13     | Found a gate to the Vaults.
 12443 | D:13     | Noticed a vault guard
 12443 | D:13     | Noticed a vault guard
 12443 | D:13     | Noticed a vault guard
 12444 | D:13     | Noticed a vault guard
 12456 | D:13     | Killed a vault guard
 12456 | D:13     | Reached XP level 13. HP: 54/81 MP: 18/18
 12462 | D:13     | Killed a vault guard
 12474 | D:13     | Killed a vault guard
 13100 | D:13     | Reached skill level 10 in Fighting
 13228 | D:13     | Killed a vault guard
 13599 | D:14     | Reached skill level 10 in Armour
 13923 | D:14     | Noticed Roxanne
 14308 | D:15     | Entered Level 15 of the Dungeon
 14432 | D:15     | Noticed a great orb of eyes
 14433 | D:15     | Found a staircase to the Depths.
 14447 | D:15     | Reached skill level 15 in Unarmed Combat
 14909 | D:15     | Found Kayqol's Jewellery Emporium.
 15467 | D:15     | Killed a great orb of eyes
 15774 | Lair:1   | Entered Level 1 of the Lair of Beasts
 15823 | Lair:1   | Found a glowing golden altar of the Shining One.
 15968 | Lair:1   | Gained mutation: Your large and strong wings let you fly indefinitely. [Gargoyle growth]
 15968 | Lair:1   | Reached XP level 14. HP: 69/88 MP: 20/20
 16521 | Lair:1   | Reached skill level 1 in Evocations
 16728 | Lair:2   | Reached ****** piety under the Shining One
 17785 | Lair:3   | Found a staircase to the Snake Pit.
 17987 | Lair:3   | Noticed Phlounder's ghost (journeyman DrTm)
 18020 | Lair:3   | Killed Phlounder's ghost
 19051 | Lair:4   | Found a labyrinth entrance.
 19704 | Lair:5   | Noticed heiberg's ghost (journeyman MiFi)
 19735 | Lair:5   | Killed heiberg's ghost
 19735 | Lair:5   | Reached skill level 10 in Invocations
 20306 | Lair:6   | Reached XP level 15. HP: 95/95 MP: 22/22
 20331 | Lair:6   | Reached skill level 16 in Unarmed Combat
 20636 | Lair:6   | Reached skill level 5 in Evocations
 20765 | Lair:6   | Found a staircase to the Swamp.
 21430 | Lair:7   | Found a staircase to the Slime Pits.
 21718 | Lair:8   | Entered Level 8 of the Lair of Beasts
 23090 | Lair:8   | Lost mutation: You passively map a small area around you. [potion of cure mutation]
 23090 | Lair:8   | Lost mutation: You are covered in fur (AC +1). [potion of cure mutation]
 23090 | Lair:8   | Lost mutation: You have a pair of small antennae on your head. [potion of cure mutation]
 23215 | Swamp:1  | Entered Level 1 of the Swamp
 24219 | Swamp:2  | Noticed Louise
 24221 | Swamp:2  | Cast into level 3 of the Abyss (Louise)
 24260 | Abyss:3  | Reached XP level 16. HP: 99/101 MP: 24/24
 24365 | Abyss:3  | Found a corrupted altar of Lugonu.
 24636 | Abyss:3  | Noticed a tentacled starspawn
 24645 | Abyss:3  | Noticed a bone dragon
 24652 | Abyss:3  | Killed a tentacled starspawn
 24677 | Abyss:3  | Noticed a tentacled starspawn
 24690 | Abyss:3  | HP: 5/101 [starspawn tentacle[a tentacled starspawn] (3)]
 24698 | Abyss:3  | The Shining One protects you from harm!
 24702 | Abyss:3  | Killed a tentacled starspawn
 24703 | Abyss:3  | Killed a bone dragon
 24711 | Swamp:2  | Escaped the Abyss
 24852 | Swamp:2  | Killed Louise
 25013 | Swamp:2  | Reached skill level 17 in Unarmed Combat
 25076 | Swamp:2  | Noticed Aizul
 25081 | Swamp:2  | Reached skill level 10 in Dodging
 25113 | Swamp:2  | Killed Aizul
 25119 | Swamp:2  | The Shining One protects you from harm!
 25130 | Swamp:2  | HP: 4/102 [spriggan druid/angry trees (2)]
 25426 | Swamp:2  | Noticed a thorn hunter
 25440 | Swamp:2  | Killed a thorn hunter
 26289 | Swamp:3  | Noticed a thorn hunter
 26309 | Swamp:3  | Killed from afar by a thorn hunter

Vault maps used:
D:1:      minmay_arrival_up_and_down, minmay_distorted
D:2:      grunt_pakellas_salt, uniq_iyjb, uniq_terence
D:3:      first_bread
D:4:      gup_sewer_entry_bowl, uniq_menkaure, uniq_blork_the_orc
D:5:      minmay_temple_entry_glass, serial_shops, kennysheep_mini
D:6:      serial_shops, shop, uniq_grinder
D:7:      kennysheep_housing_project, overflow_temple_1_default
D:8:      grunt_temple_overflow_open, erik_lair_orcish_takeover, uniq_maurice,
          uniq_grum
D:9:      minitemple, lemuel_blue_sif_altar, grunt_pizzeria
D:10:     nicolae_trove_entry_path_of_doom, basic_altar
D:11:     basic_altar, enter_bailey_2, kennysheep_pointless_box,
          nrook_guardian_serpent_double
D:12:     orc_0_dummy
D:13:     lightli_vaults_fourway_checkpoint, special_room, grunt_qazlal_clouds
D:14:     uniq_roxanne
D:15:     hangedman_depths_entry_try_elsewhere_first,
          minmay_misc_feat_nine_boxes, serial_shops, shop, minmay_misc_feat_iff
Temple:   grunt_temple_mini_profane_8
Lair:1:   lemuel_oklob_altar, infiniplex_staircase_pool, grunt_megastairs_2
Lair:2:   grunt_megastairs_1
Lair:3:   minmay_snake_entry_six_corridors
Lair:4:   lab_entry_generic
Lair:5:   serial_bayou_shore_b
Lair:6:   nicolae_swamp_entry_splash_gauntlet
Lair:7:   nicolae_slime_entry_slimehenge, lemuel_fruit_tree
Lair:8:   minmay_lair_end_enchanted_forest, infiniplex_staircase_pool_2,
          serial_bayou_shore_b
Swamp:1:  hangedman_swamp_diagram
Swamp:2:  hangedman_swamp_ruin_hall, uniq_louise, uniq_aizul
Swamp:3:  evilmike_swamp_ruin_wall, swamp_pool2
Abyss:3:  evilmike_abyss_exit_4
Sewer:    sewer_co_purgy_island
Bailey:   bailey_axe_4, bailey

Skill      XL: |  1  2  3  4  5  6  7  8  9 10 11 12 13 14 15 16 |
---------------+-------------------------------------------------+-----
Unarmed Combat | 5 6 7 8 9 11 12 13 14 15 16 17 | 17.3
Armour         | 2 4 5 6 8 9 10 11 12 | 12.6
Fighting       | 4 5 6 7 8 9 10 11 12 | 12.5
Dodging        | 3 4 5 6 7 8 9 10 | 10.1
Invocations    | 2 4 6 7 9 10 11 | 11.4
Evocations     | 4 7 8 |  8.3
Stealth        | |  2.1

Action                   |  1- 3 |  4- 6 |  7- 9 | 10-12 | 13-15 | 16-18 || total
-------------------------+-------+-------+-------+-------+-------+-------++-------
Melee: Unarmed           |    91 |   186 |   390 |  1046 |  1890 |   466 ||  4069
       Punch             |     2 |     8 |    14 |    51 |   140 |    53 ||   268
Throw: Tomahawk          |       |       |       |     3 |       |       ||     3
Invok: Cleansing Flame   |       |       |       |     3 |     2 |     9 ||    14
       Divine Shield     |       |       |       |     1 |     2 |       ||     3
 Abil: Fly               |       |       |       |       |     2 |     1 ||     3
Evoke: Wand              |       |       |       |     1 |     1 |       ||     2
  Use: Scroll            |       |       |       |    18 |    10 |     3 ||    31
       Potion            |       |       |       |    17 |     2 |     2 ||    21
 Stab: Sleeping          |     5 |       |     1 |       |     1 |       ||     7
  Eat: Chunk             |     1 |     4 |    13 |    25 |    37 |     7 ||    87
       Pizza             |       |       |       |       |     2 |     1 ||     3
Armor: Robe              |     5 |       |       |       |       |       ||     5
       Ring mail         |    43 |    85 |   178 |   390 |       |       ||   696
       Scale mail        |       |       |       |   183 |  1214 |   332 ||  1729
Dodge: Dodged            |    56 |   106 |   228 |   756 |  1380 |   301 ||  2827
Block: Other             |       |       |       |     7 |    31 |       ||    38
